AoeStats
← 安安您好

Fortress

509282642Analyzed
4v4 RM · 5d ago on Sep 26, 2026· 18m 23s· 8 players
Game mode
Random Map
Map size
Huge
Population
200
Speed
Normal
Resources
Standard
Victory
Conquest
Starting age
Dark Age
Ending age
Imperial Age
RankedLock teamsTeams togetherTeam positionsShared explorationLock speedFull tech treeHidden civsTurbo modeCheats
Victory
Defeat
🇲🇽 Burgundians · Mexico
1311
+13
🇩🇪 Mongols · Germany
1220
+16
🇺🇸 Japanese · United States
1175
+18
🇩🇪 Georgians · Germany
1163
+19
🇹🇼 Goths · Taiwan
1252
-18
🇹🇼 Danes · Taiwan
1241
-17
🇦🇺 Vietnamese · Australia
1222
-16
🇨🇳 Italians · China
1203
-15
scl5724
7:40 Feudal Age
11:30 Castle Age
9:19 Horse Collar
9:51 Double-Bit Axe
12:32 Loom
13:09 Bow Saw
15:04 Wheelbarrow
17:50 Hand Cart
17:49 Heavy Plow
安安您好
7:17 Feudal Age
8:21 Double-Bit Axe
11:16 Castle Age
10:37 Horse Collar
12:50 Bow Saw
Goldy
6:41 Feudal Age
7:09 Horse Collar
7:15 Double-Bit Axe
9:12 Loom
12:47 Castle Age
15:34 Bow Saw
15:26 Heavy Plow
17:30 Town Watch
asbt5678
6:36 Feudal Age
11:20 Castle Age
9:16 Double-Bit Axe
9:27 Horse Collar
13:21 Bow Saw
16:08 Loom
16:46 Town Watch
17:40 Wheelbarrow
I'm Trying My Best
1:03 Loom
10:30 Feudal Age
11:20 Horse Collar
11:28 Double-Bit Axe
16:42 Castle Age
15:03 Stone Mining
15:06 Gold Mining
16:42 Fletching
16:52 Scale Mail Armor
17:04 Forging
16:47 Arson
Keelee
0:38 Loom
7:11 Feudal Age
8:41 Double-Bit Axe
10:47 Gold Mining
13:04 Castle Age
11:39 Horse Collar
11:52 Fletching
12:46 Bloodlines
17:20 Bodkin Arrow
Godspeed
7:32 Feudal Age
7:43 Loom
9:32 Loom
12:24 Castle Age
10:31 Double-Bit Axe
10:27 Horse Collar
12:25 Scale Barding Armor
12:31 Forging
Villano91
7:45 Feudal Age
6:03 Double-Bit Axe
13:10 Castle Age
10:53 Horse Collar
11:26 Bow Saw
16:47 Wheelbarrow
18:11 Two-Man Saw
Connection lost

Rejoining the realm…

Still unreachable

The connection could not be restored.

Session expired

The server has moved on; the page needs a fresh start.